 Dungeon Crawl Stone Soup version 0.19-a0-1792-g28b16ba (webtiles) character file.

1092 Miyamura the Skirmisher (level 8, -2/62 HPs)
             Began as a Demonspawn Monk on Oct 4, 2016.
             Was a Follower of Uskayaw.
             Slain by an ogre
             ... wielding a +0 giant spiked club
              (27 damage)
             ... on level 6 of the Dungeon.
             The game lasted 00:25:14 (5787 turns).

Miyamura the Skirmisher (Demonspawn Monk)           Turns: 5787, Time: 00:25:15

Health: -2/62      AC: 22    Str: 18    XL:     8   Next: 9%
Magic:  10/10      EV: 12    Int: 13    God:    Uskayaw [*.....]
Gold:   237        SH:  0    Dex: 15    Spells: 0 memorised, 9 levels left

rFire  . . .     SeeInvis .     d - +1 falchion (slice)
rCold  . . .     Gourm    .     x - +2 scale mail {MR+}
rNeg   . . .     Faith    .     (no shield)
rPois  .         Spirit   .     E - +0 helmet
rElec  .         Dismiss  .     e - +0 cloak
rCorr  +         Reflect  .     p - +0 pair of gloves
MR     +....     Harm     .     y - +0 pair of boots
Stlth  ++........               l - amulet of rage
                                u - ring of stealth
                                v - ring of resist corrosion

@: mighty, sanguine armour
A: hooves 1, powered by pain 2, sanguine armour 2
a: Stomp, Renounce Religion, Evoke Berserk Rage


You were on level 6 of the Dungeon.
You worshipped Uskayaw.
Uskayaw was noncommittal.
You were not hungry.

You visited 2 branches of the dungeon, and saw 7 of its levels.

You collected 237 gold pieces.

Inventory:

Hand Weapons
 a - a +0 falchion
 d - a +1 falchion of slicing (weapon)
Armour
 e - a +0 cloak (worn)
 p - a +0 pair of gloves (worn)
 x - a +2 scale mail of magic resistance (worn)
 y - a +0 pair of boots (worn)
 E - a +0 helmet (worn)
Jewellery
 l - an amulet of rage (around neck)
 u - a ring of stealth (right hand)
 v - a ring of resist corrosion (left hand)
Wands
 A - a wand of slowing (8/48)
 D - a wand of heal wounds (4/9)
Scrolls
 i - a scroll of enchant weapon
 j - 3 scrolls of remove curse
 m - a scroll of teleportation
 n - a scroll of blinking
 q - 2 scrolls of enchant armour
Potions
 g - a potion of heal wounds
 h - a potion of invisibility {unknown}
 o - a potion of agility
 s - 2 potions of brilliance
 w - a potion of ambrosia {unknown}
 z - 2 potions of lignification {unknown}
 B - 2 potions of curing
 C - a potion of resistance {unknown}
Comestibles
 b - 3 chunks of flesh
 c - 3 bread rations
 f - 2 meat rations
 r - a beef jerky
 t - 2 fruits


   Skills:
 + Level 5.2 Fighting
 + Level 4.7 Long Blades
 + Level 3.2 Armour
 + Level 4.5 Dodging
 - Level 3.9 Stealth
 - Level 1.3 Spellcasting
 + Level 2.4 Invocations


You had 9 spell levels left.
You didn't know any spells.

Dungeon Overview and Level Annotations

Branches:
Dungeon (6/15)             Temple (1/1) D:5

Altars:
Ashenzari
Cheibriados
Dithmenos
Elyvilon
Fedhas
Gozag
Hepliaklqana
Kikubaaqudgha
Makhleb
Nemelex Xobeh
Okawaru
Qazlal
Ru
Sif Muna
Trog
Uskayaw
Vehumet
Xom
Yredelemnul
Zin
The Shining One


Innate Abilities, Weirdness & Mutations

You have large cloven feet.
You sometimes gain power by taking damage.
When seriously injured, your bleeding wounds create thick armour. (AC +9)


Message History

You feel very mighty all of a sudden.
Your blood congeals into armour.
You fail to use your ability.
You fail to use your ability.
The ogre hits you with a giant spiked club!
You focus on the pain.
You feel mightier all of a sudden.
A hound comes into view.
The hound barks!
Something hits you but does no damage.
You fail to use your ability.
The ogre hits you but does no damage.
A sky beast appears from thin air!
Reactivating autopickup.
The sky beast hits you but does no damage.
You fail to use your ability.
The hound bites you but does no damage. x2
The sky beast flickers out of sight!
Deactivating autopickup; reactivate with Ctrl-A.
Something hits you but does no damage.
The ogre hits you with a giant spiked club!!
You die...

.. #. #######.##.#.
...###.....#.#..## .
...........#...##
..## .............##
..... ###.......#..#
...## ###........#
... ####.######...
#h###....# #####
#O@..(..###
......{.#..#...##
..........####..####
...\....### ##....#
......... ####..#
#...####. .... #.##
# ### ..


You could see an ogre and a hound.

Vanquished Creatures
  Eustachio (D:5)
  A phantom (D:5)
  A centaur (D:6)
  An ogre (D:4)
  3 crimson imps
  A bullfrog zombie (D:6)
  3 centaur zombies (D:5)
  2 orc priests
  A centaur skeleton (D:4)
  A hound (D:4)
  2 orc wizards
  A bullfrog skeleton (D:3)
  3 worker ants
  9 adders
  2 oozes
  2 worms
  2 dart slugs
  3 leopard geckos
  5 orcs
  A ball python (D:4)
  3 giant cockroaches
  8 goblins
  12 hobgoblins
  6 jackals
  2 quokkas
  6 bats
  3 frilled lizards
  9 kobolds
  2 leopard gecko skeletons
  10 rats
106 creatures vanquished.

Notes
Turn   | Place    | Note
-------+----------+-------------------------------------------
     0 | D:1      | Miyamura the Demonspawn Monk began the quest for the Orb.
     0 | D:1      | Reached XP level 1. HP: 18/18 MP: 1/1
   107 | D:1      | Gained mutation: When seriously injured, your bleeding wounds create armour. (AC +9) [demonic ancestry]
   107 | D:1      | Reached XP level 2. HP: 23/24 MP: 1/3
   121 | D:1      | Reached skill level 1 in Spellcasting
   675 | D:1      | Gained mutation: When seriously injured, your bleeding wounds create thick armour. (AC +9) [demonic ancestry]
   675 | D:1      | Reached XP level 3. HP: 29/29 MP: 4/4
  1717 | D:2      | Gained mutation: You have large cloven feet. [demonic ancestry]
  1717 | D:2      | Reached XP level 4. HP: 18/35 MP: 6/6
  2721 | D:3      | Reached XP level 5. HP: 42/42 MP: 7/7
  2852 | D:4      | Reached skill level 1 in Armour
  3093 | D:4      | Noticed an ogre
  3100 | D:4      | Killed an ogre
  3100 | D:4      | Reached skill level 4 in Fighting
  3100 | D:4      | Gained mutation: You sometimes gain a little power by taking damage. [demonic ancestry]
  3100 | D:4      | Reached XP level 6. HP: 48/48 MP: 8/8
  4070 | D:5      | Entered Level 5 of the Dungeon
  4070 | D:5      | Found a staircase to the Ecumenical Temple.
  4078 | Temple   | Entered the Ecumenical Temple
  4169 | Temple   | Became a worshipper of Uskayaw the Reveler
  4169 | Temple   | Reached * piety under Uskayaw
  4307 | D:5      | Gained mutation: You sometimes gain power by taking damage. [demonic ancestry]
  4307 | D:5      | Reached XP level 7. HP: 18/55 MP: 9/9
  4551 | D:5      | Reached ** piety under Uskayaw
  4560 | D:5      | Reached *** piety under Uskayaw
  4583 | D:5      | Reached **** piety under Uskayaw
  4618 | D:5      | Reached ***** piety under Uskayaw
  4740 | D:5      | Noticed Eustachio
  5316 | D:5      | Killed Eustachio
  5316 | D:5      | Reached skill level 1 in Invocations
  5365 | D:5      | Found a shadowy altar of Dithmenos.
  5375 | D:5      | Reached skill level 5 in Fighting
  5686 | D:6      | Reached XP level 8. HP: 37/62 MP: 10/10
  5787 | D:6      | Slain by an ogre

Vault maps used:
D:1:      dpeg_arrival_tiny_c, corexii_leaking_fountain, st_stairs_9
D:2:      first_bread, minmay_strange_pillars, minmay_hexomino_c4
D:3:      minivault_14
D:5:      grunt_dithmenos_smoke, uniq_eustachio
D:6:      serial_shops, shop
Temple:   grunt_wide_crystal_templ

Skill      XL: |  1  2  3  4  5  6  7 |
---------------+----------------------+-----
Long Blades    | 3 4 |  4.7
Spellcasting   | 1 |  1.3
Stealth        | 2 3 |  3.9
Dodging        | 3 4 |  4.5
Armour         | 1 2 3 |  3.2
Fighting       | 4 5 |  5.2
Invocations    | 2 |  2.4

Action                   |  1- 3 |  4- 6 |  7- 9 || total
-------------------------+-------+-------+-------++-------
Melee: Falchion          |   141 |   239 |   261 ||   641
       Kick              |       |    32 |       ||    32
Invok: Stomp             |       |     1 |     3 ||     4
 Abil: Evoke Berserk Rag |       |     4 |     3 ||     7
  Use: Potion            |     3 |       |     3 ||     6
       Scroll            |       |     7 |     5 ||    12
 Stab: Sleeping          |     3 |       |       ||     3
       Paralysed         |       |       |     5 ||     5
  Eat: Chunk             |     3 |    11 |     2 ||    16
       Meat ration       |       |       |     1 ||     1
       Royal jelly       |       |       |     1 ||     1
       Fruit             |       |       |     1 ||     1
Armor: Robe              |    31 |       |       ||    31
       Scale mail        |       |   132 |   171 ||   303
Dodge: Dodged            |   100 |   125 |   185 ||   410
       Rpst.: Falchion   |    36 |    44 |    66 ||   146
